 Dungeon Crawl Stone Soup version 0.17-a0-1397-g0eee0a3 (webtiles) character file.

147938 Fungus the Destroyer (level 16, -2/96 HPs)
             Began as a Mummy Conjurer on June 17, 2015.
             Was a Priest of Ashenzari.
             Killed by the raging water
             ... invoked by a water nymph
              (19 damage)
             ... on level 2 of the Shoals on June 18, 2015.
             The game lasted 06:31:51 (82014 turns).

Fungus the Destroyer (Mummy Conjurer)              Turns: 82014, Time: 06:31:51

Health: -2/96      AC: 21    Str: 17      XL:     16   Next: 93%
Magic:  3/34       EV: 12    Int: 18 (19) God:    Ashenzari [***...]
Gold:   3372       SH:  6    Dex: 13      Spells: 11 memorised, 2 levels left

rFire  . . .     SeeInvis .     a - +1 mace (protect) (curse)
rCold  . . .     Clarity  .     F - +3 ring mail of the Tick {Str+4}
rNeg   + + +     SustAt   .     u - +0 buckler (curse)
rPois  ∞         Gourm    .     s - +2 hat
rElec  .         Spirit   .     k - +2 cloak (curse)
rCorr  .         Warding  .     g - +2 pair of gloves (curse)
rMut   .         Stasis   .     (no boots)
MR     ++...                    Z - amulet of faith (curse)
Stlth  +.........               m - ring of wizardry (curse)
                                D - ring of fire (curse)

@: about to teleport, very slightly contaminated, delayed fireball, repel
missiles, very resistant to hostile enchantments, very unstealthy
A: no food or potions, fire vulnerability, cold resistance 1, negative energy
resistance 3, torment resistance, unbreathing, in touch with death 1, restore
body
a: Self-Restoration, Scrying, Renounce Religion, Release Delayed Fireball


You were on level 2 of the Shoals.
You worshipped Ashenzari.
Ashenzari was most pleased with you.
You were not hungry.

You visited 6 branches of the dungeon, and saw 31 of its levels.
You also visited: Labyrinth and Ice Cave.

You collected 10718 gold pieces.
You spent 4172 gold pieces at shops.
You paid 3174 gold pieces to Gozag.

Inventory:

Hand weapons
 a - a cursed +1 mace of protection (weapon)
 t - the +10 war axe "Cairics" {chop, rElec rPois Int+4 Dex+4}
   (You found it on level 15 of the Dungeon)

   It inflicts extra damage upon your enemies.
   It affects your intelligence (+4).
   It affects your dexterity (+4).
   It insulates you from electricity.
   It protects you from poison.
Armour
 g - a cursed +2 pair of gloves (worn)
 k - a cursed +2 cloak (worn)
 s - a +2 hat (worn)
 u - a cursed +0 buckler (worn)
 B - the +0 shield of the Land of Plenty {+Blink rElec Int-3}
   (You bought it in a shop on level 10 of the Dungeon)

   It affects your intelligence (-3).
   It insulates you from electricity.
   It lets you blink.
 F - the +3 ring mail of the Tick (worn) {Str+4}
   (You found it on level 10 of the Dungeon)

   It affects your strength (+4).
 H - the +1 ring mail of the Maze {+Inv rPois rC++ Dex-3}
   (You bought it in a shop on level 10 of the Dungeon)

   It affects your dexterity (-3).
   It greatly protects you from cold.
   It protects you from poison.
   It lets you turn invisible.
 L - the +3 robe of Clouds {+Fly rElec}
   (You found it in a labyrinth)

   It insulates you from electricity.
   It lets you fly.
 R - a +0 shield
Jewellery
 b - an uncursed amulet of resist corrosion
 f - an uncursed amulet of guardian spirit
 h - an uncursed amulet of resist mutation
 m - a cursed ring of wizardry (right hand)
 n - a cursed ring of invisibility
 p - the amulet "Torrauma" {*Confuse Regen+ Str+4 Int+4}
   (You found it in a labyrinth)

   [amulet of regeneration]

   It affects your strength (+4).
   It affects your intelligence (+4).
   It increases your rate of regeneration.
   It may confuse you when you take damage.
 x - an uncursed ring of ice
 A - an uncursed ring of protection from magic
 D - a cursed ring of fire (left hand)
 E - an uncursed ring of see invisible
 P - a +4 ring of evasion
 S - an uncursed ring of sustain attributes
 T - an uncursed ring of wizardry
 X - a +3 ring of intelligence
 Z - a cursed amulet of faith (around neck)
Magical devices
 e - a wand of hasting (1)
 j - a wand of flame (18)
 v - a wand of heal wounds (0)
 w - a wand of teleportation (3)
 z - a wand of fireball (6)
 U - a wand of digging (8)
 Y - a wand of invisibility (0)
Scrolls
 l - 2 scrolls of curse weapon
 o - a scroll of magic mapping
 q - a scroll of silence
 M - a scroll of brand weapon
 N - 4 scrolls of identify
 Q - 4 scrolls of enchant weapon
 V - a scroll of amnesia
Books
 i - a book of Ice

   Spells                             Type                      Level
   a - Ice Form                       Ice/Transmutation            4
   b - Metabolic Englaciation         Hexes/Ice                    5
   c - Ozocubu's Refrigeration        Ice                          6
   d - Bolt of Cold                   Conjuration/Ice              6
   e - Freezing Cloud                 Conjuration/Ice/Air          6
   f - Simulacrum                     Ice/Necromancy               6
 C - a Young Poisoner's Handbook

   Spells                             Type                      Level
   a - Sting                          Conjuration/Poison           1
   b - Cure Poison                    Poison                       2
   c - Mephitic Cloud                 Conjuration/Poison/Air       3
   d - Olgreb's Toxic Radiance        Poison                       4
   e - Venom Bolt                     Conjuration/Poison           5
 G - a book of Cantrips

   Spells                             Type                      Level
   a - Corona                         Hexes                        1
   b - Animate Skeleton               Necromancy                   1
   c - Summon Small Mammal            Summoning                    1
   d - Apportation                    Translocation                1
 I - a book of Alchemy

   Spells                             Type                      Level
   a - Sublimation of Blood           Necromancy                   2
   b - Ignite Poison                  Fire/Transmutation/Poison    3
   c - Alistair's Intoxication        Transmutation/Poison         4
   d - Condensation Shield            Ice                          4
   e - Petrify                        Transmutation/Earth          4
   f - Irradiate                      Conjuration/Transmutation    5
 J - a book of the Sky

   Spells                             Type                      Level
   a - Summon Lightning Spire         Summoning/Air                4
   b - Airstrike                      Air                          4
   c - Silence                        Hexes/Air                    5
   d - Deflect Missiles               Charms/Air                   6
   e - Conjure Ball Lightning         Conjuration/Air              6
   f - Tornado                        Air                          9
 K - a book of Power

   Spells                             Type                      Level
   a - Fulminant Prism                Conjuration/Hexes            4
   b - Iskenderun's Mystic Blast      Conjuration                  4
   c - Venom Bolt                     Conjuration/Poison           5
   d - Bolt of Magma                  Conjuration/Fire/Earth       5
   e - Iron Shot                      Conjuration/Earth            6
   f - Orb of Destruction             Conjuration                  7
   g - Spellforged Servitor           Conjuration/Summoning        7
Miscellaneous
 r - a stone of tremors


   Skills:
 - Level 3.0 Dodging
 - Level 3.0 Stealth
 - Level 6.0(7.9) Shields
 - Level 14.0 Spellcasting
 * Level 14.7(17.2) Conjurations
 - Level 9.0(11.8) Charms
 - Level 3.0(5.5) Translocations
 - Level 13.0(15.5) Fire Magic


You had 2 spell levels left.
You knew the following spells:

 Your Spells              Type           Power        Failure   Level  Hunger
b - Blink                 Tloc           N/A          1%          2    N/A
d - Delayed Fireball      Conj/Fire      N/A          4%          7    N/A
f - Fireball              Conj/Fire      #######...   1%          5    N/A
i - Iskenderun's Mystic   Conj           ######..     1%          4    N/A
l - Bolt of Fire          Conj/Fire      #######...   1%          6    N/A
m - Mephitic Cloud        Conj/Pois/Air  ####....     1%          3    N/A
o - Orb of Destruction    Conj           ######....   4%          7    N/A
p - Fulminant Prism       Conj/Hex       #####.....   1%          4    N/A
r - Repel Missiles        Chrm/Air       ####..       1%          2    N/A
B - Iskenderun's Battles  Conj/Chrm      ######..     1%          5    N/A
M - Magic Dart            Conj           ####         0%          1    N/A

Dungeon Overview and Level Annotations

Branches:
Dungeon (15/15)            Temple (1/1) D:6            Lair (8/8) D:8
 Shoals (2/4) Lair:4        Snake (1/4) Lair:4        Slime (0/6) Lair:8
    Orc (4/4) D:10            Elf (0/3) Orc:4        Vaults (0/5) D:13
 Depths: D:15

Altars:
Ashenzari
Cheibriados
Dithmenos
Elyvilon
Fedhas
Gozag
Kikubaaqudgha
Makhleb
Nemelex Xobeh
Okawaru
Qazlal
Ru
Sif Muna
Trog
Vehumet
Xom
Yredelemnul
Zin
The Shining One
Beogh

Shops:
D:9 *   D:10 [   D:11 }   D:12 :   D:13 =*   Orc:3 (   Orc:4 =(

Annotations:
D:15 exclusion: Roxanne, Roxanne
Snake:1 Kirke?!
Orc:4 Saint Roka


Innate Abilities, Weirdness & Mutations

You do not eat or drink.
Your flesh is vulnerable to fire.
You are immune to poison.
Your flesh is cold resistant.
You are immune to negative energy.
You are immune to unholy pain and torment.
You can survive without breathing.
You are in touch with the powers of death.
You can restore your body by infusing magical energy.


Message History

The faun shoots a sling bullet.
The sling bullet is repelled.
You hear a splash.
The griffon is engulfed in noxious fumes.
Read which item? (? for menu, Esc to quit)
Okay, then.
Read which item? (? for menu, Esc to quit)
Okay, then.
Evoke which item? (* to show all) (? for menu, Esc to quit)
Zapping:
w - a wand of teleportation (4)
Press: ? - help, Shift-Dir - straight line, f - you You feel strangely unstable.
This wand has 3 charges left.
The merfolk javelineer shouts!
The sea snake is engulfed in noxious fumes.
The faun shoots a sling bullet.
The sling bullet hits you but does no damage.
You hear a splash.
The merfolk javelineer closely misses you.
The water nymph points at you and mumbles some strange words.
The water swirls and strikes you!
You die...

≈, ##≈≈(H..P...,......≈.. ≈
≈≈ ,#.%(m≈§.≈≈≈≈ ≈≈≈..$≈..
≈≈> #..>..§≈≈≈## *#≈≈.≈..S
≈≈≈c#..(.§≈≈≈## ≈##≈.....
≈≈≈≈≈...≈≈≈≈≈#≈ ≈#≈(....
≈≈≈≈≈≈≈≈≈≈≈≈≈# #≈.....
≈≈≈≈≈≈≈(S≈≈≈≈#≈ ≈≈≈#≈..!..
≈≈≈≈≈≈≈≈((≈≈≈##≈ ≈##≈..... ≈
≈≈≈≈≈≈(≈≈@≈≈≈≈##'##≈≈≈....
≈≈≈≈≈≈≈≈≈≈≈$≈≈≈.$.≈≈≈.....
≈≈≈≈≈≈≈≈≈m≈≈≈≈≈...≈≈...≈≈.
≈≈≈≈≈≈≈≈≈≈≈≈≈≈........≈≈≈.
≈≈≈≈≈≈≈≈≈≈≈≈≈≈≈......≈≈≈≈. ≈
≈≈≈≈≈≈≈≈≈≈≈≈≈≈≈....$.≈≈)≈.
≈≈ ≈≈≈≈≈≈≈≈≈≈≈≈≈≈≈.m.≈≈≈≈≈≈.
≈ ≈≈≈≈≈≈≈≈≈≈≈≈≈≈≈≈≈≈≈≈≈≈≈.≈≈
≈≈≈≈≈≈≈≈≈≈≈≈≈≈≈≈≈≈≈≈≈≈≈≈.≈≈≈


You could see a merfolk javelineer, a sea snake (confused), a faun and a water
nymph.

Vanquished Creatures
  Gastronok (Lair:1)
  Agnes (Snake:1)
  The ghost of musclemanjr the Severer, a powerful FoFi of the Shining One (D:13)
  A merfolk javelineer (Shoals:1)
  A vault guard (D:13)
  A merfolk impaler (Shoals:1)
  A fire dragon (Lair:8)
  Josephine (Lair:7)
  A minotaur (Lab)
  A great orb of eyes (D:9)
  Fannar (Lair:1)
  18 hydras
  An ice dragon (Lair:3)
  3 centaur warriors
  2 naga warriors (Snake:1)
  Erolcha (D:12)
  2 anacondas (Snake:1)
  Erica (Lair:2)
  2 tengu warriors
  6 death yaks (Lair:5)
  2 orc high priests (Orc:4)
  Urug (Lair:1)
  Sonja (D:12)
  A salamander mystic (Snake:1)
  A sea snake (Shoals:1)
  An unseen horror (shapeshifter) (D:13)
  2 unseen horrors
  The ghost of agentgt the Basher, an experienced OgCK of Makhleb (D:6)
  2 lindwurms (Lair:8)
  An ice statue (Lair:3)
  5 harpies (Shoals:1)
  A wolf spider zombie (D:14)
  2 hill giants
  2 wolf spiders (Lair:8)
  4 mana vipers
  3 ugly things
  4 manticores
  The ghost of GolDSour the Sneak, an experienced DsEn (D:5)
  A salamander (Snake:1)
  2 oklob plants
  3 water nymphs
  2 hornets (Lair:8)
  3 orc sorcerers
  4 orc knights
  14 elephants
  6 griffons
  2 guardian serpents
  Maurice (Orc:2)
  2 sirens (Shoals:1)
  24 black mambas
  2 molten gargoyles (Lair:5)
  28 spiny frogs
  7 torpor snails
  3 gargoyles
  A wandering mushroom (Lair:7)
  An efreet (D:15)
  15 komodo dragons
  5 polar bears
  8 merfolk
  3 two-headed ogres
  3 giant leeches (Lair:8)
  A freezing wraith (D:14)
  A queen bee (Lair:6)
  A harpy skeleton (D:13)
  A wind drake (Shoals:1)
  Grinder (D:3)
  6 fire drakes
  8 trolls
  6 slime creatures
  11 blink frogs
  6 snapping turtles (Shoals:1)
  Sigmund (D:3)
  2 trapdoor spiders
  2 deep elf magi
  4 vampires
  2 shadows
  5 wyverns
  4 basilisks
  2 hungry ghosts
  A hog (Snake:1)
  64 yaks
  2 fire elementals (Lair:4)
  16 hippogriffs
  Grum (Lair:1)
  2 mottled dragons
  4 wraiths
  3 soldier ants
  3 wargs
  Edmund (D:5)
  5 nagas (Snake:1)
  23 wolves
  12 porcupines
  29 orc warriors
  3 black bears
  6 spiders (Lair:8)
  2 necrophages
  34 water moccasins
  17 ice beasts
  6 sky beasts
  16 ogres
  6 wasps
  16 centaurs
  16 crocodiles
  4 phantoms
  5 brain worms (Lair:8)
  25 giant frogs
  2 gnoll sergeants
  A big kobold (D:9)
  7 scorpions
  A water moccasin skeleton (D:4)
  30 killer bees
  5 lava snakes (Lair:5)
  3 centaur zombies
  A wasp zombie (D:10)
  9 crimson imps
  3 giant frog zombies
  11 hounds
  3 centaur skeletons
  13 wights
  4 jellies
  2 quasits
  Crazy Yiuf (D:4)
  19 iguanas
  28 orc priests
  47 orc wizards
  2 giant frog skeletons
  Terence (D:2)
  Natasha (D:3)
  21 worker ants
  5 hell rats (Lair:7)
  38 sheep
  A hound skeleton (D:4)
  Robin (D:3)
  18 gnolls
  31 adders
  93 river rats
  2 shadow imps
  14 white imps
  2 adder skeletons
  17 worms
  10 giant geckos
  222 orcs
  5 ball pythons
  20 bats
  4 bat skeletons
  11 giant cockroaches
  34 hobgoblins
  11 jackals
  4 quokkas
  2 giant gecko skeletons
  8 giant newts
  28 goblins
  A jackal skeleton (D:9)
  37 kobolds
  2 quokka skeletons
  15 rats
  5 bushes (Lair:5)
  9 fulminant prisms
  7 fungi (Lair:8)
  9 plants
1489 creatures vanquished.

Vanquished Creatures (collateral kills)
  A faun (Shoals:2)
1 creature vanquished.

Vanquished Creatures (others)
  2 wasps (Lair:8)
  A bush (Lair:5)
  35 fulminant prisms
  61 fungi
  35 plants
134 creatures vanquished.

Grand Total: 1624 creatures vanquished

Notes
Turn   | Place    | Note
--------------------------------------------------------------
     0 | D:1      | Fungus the Mummy Conjurer began the quest for the Orb.
     0 | D:1      | Reached XP level 1. HP: 13/13 MP: 3/3
   775 | D:1      | Reached XP level 2. HP: 17/19 MP: 0/5
  1036 | D:1      | Learned a level 2 spell: Searing Ray
  1609 | D:1      | Reached XP level 3. HP: 13/24 MP: 0/6
  2290 | D:2      | You fall through a shaft!
  2489 | D:2      | Reached skill level 4 in Conjurations
  2605 | D:2      | Reached XP level 4. HP: 30/30 MP: 3/8
  2672 | D:2      | Learned a level 4 spell: Iskenderun's Mystic Blast
  2977 | D:2      | Noticed Terence
  2984 | D:2      | Found a glowing golden altar of the Shining One.
  2985 | D:2      | Found a stormy altar of Qazlal.
  3111 | D:2      | Found an iron altar of Okawaru.
  3570 | D:3      | Noticed Grinder
  3670 | D:3      | Killed Grinder
  3670 | D:3      | Reached skill level 5 in Conjurations
  3670 | D:3      | Reached XP level 5. HP: 35/35 MP: 1/11
  3670 | D:3      | Reached XP level 6. HP: 41/41 MP: 1/12
  4132 | D:3      | Noticed Robin
  4187 | D:3      | Killed Robin
  4813 | D:3      | Noticed Natasha
  4843 | D:3      | Noticed Sigmund
  5022 | D:3      | Killed Natasha
  5072 | D:3      | Reached skill level 5 in Spellcasting
  5491 | D:3      | Reached XP level 7. HP: 25/46 MP: 4/14
  6732 | D:4      | Reached skill level 6 in Conjurations
  6998 | D:4      | Got a polished ring mail
  6999 | D:4      | Identified the cursed +0 ring mail of Crawling {Dex+4} (You found it on level 4 of the Dungeon)
  7224 | D:5      | Entered Level 5 of the Dungeon
  8271 | D:5      | Found a glowing golden altar of the Shining One.
  8400 | D:5      | Noticed a fire elemental
  8401 | D:5      | Found a stormy altar of Qazlal.
  8403 | D:5      | Noticed a water elemental
  8403 | D:5      | Noticed an air elemental
  8554 | D:5      | Noticed GolDSour's ghost (experienced DsEn)
  8821 | D:5      | Noticed Edmund
  8905 | D:5      | Killed Edmund
  9082 | D:6      | Reached XP level 8. HP: 52/52 MP: 11/17
  9332 | D:6      | Noticed agentgt's ghost (experienced OgCK)
 10303 | D:6      | Reached skill level 7 in Conjurations
 10508 | D:6      | Found a staircase to the Ecumenical Temple.
 10518 | Temple   | Entered the Ecumenical Temple
 10608 | Temple   | Became a worshipper of Gozag Ym Sagoz the Greedy
 12184 | Temple   | Learned a level 5 spell: Iskenderun's Battlesphere
 12278 | D:7      | Reached skill level 1 in Charms
 12603 | D:7      | Reached XP level 9. HP: 57/57 MP: 10/20
 13944 | D:6      | Found a staircase to the Ecumenical Temple.
 14857 | D:8      | Reached skill level 5 in Charms
 15128 | D:8      | Learned a level 5 spell: Fireball
 15813 | D:8      | Reached skill level 8 in Conjurations
 15890 | D:8      | Reached XP level 10. HP: 63/63 MP: 15/21
 16105 | D:8      | Found a staircase to the Lair.
 17407 | D:9      | Found Imoezuphawk's General Store.
 17438 | D:9      | Bought a +1 mace of protection for 159 gold pieces
 17438 | D:9      | Bought the +2 leather armour of the Hunter {Int+2} for 348 gold pieces
 17438 | D:9      | Bought a scroll of identify for 30 gold pieces
 17485 | D:9      | Found a white marble altar of Elyvilon.
 18086 | D:9      | Noticed a tengu warrior
 18089 | D:9      | Killed a tengu warrior
 18336 | D:9      | Got a slimy dagger
 18337 | D:9      | Identified the +6 dagger "Etexon" {distort, Str+4} (You found it on level 9 of the Dungeon)
 18984 | D:9      | Noticed a great orb of eyes
 18991 | D:9      | Killed a great orb of eyes
 18991 | D:9      | Reached skill level 9 in Spellcasting
 18991 | D:9      | Reached XP level 11. HP: 42/68 MP: 4/24
 19373 | D:9      | Reached skill level 1 in Shields
 19586 | D:9      | Found an opulent altar of Gozag.
 20193 | D:10     | Entered Level 10 of the Dungeon
 20321 | D:10     | Found Cicaciluu's Antique Armour Emporium.
 20325 | D:10     | Bought an encrusted hat for 234 gold pieces
 20325 | D:10     | Identified the cursed +0 hat of Pakuitid {-Cast +Fly MP+9 SInv} (You bought it in a shop on level 10 of the Dungeon)
 20899 | D:10     | Learned a level 2 spell: Repel Missiles
 20902 | D:10     | Learned a level 2 spell: Blink
 20906 | D:10     | Learned a level 3 spell: Mephitic Cloud
 20950 | D:10     | Noticed a tengu warrior
 20966 | D:10     | Killed a tengu warrior
 21124 | D:10     | Found a staircase to the Orcish Mines.
 21179 | D:10     | Found a roughly hewn altar of Beogh.
 21636 | D:10     | Noticed an unseen horror
 21644 | D:10     | Killed an unseen horror
 22319 | D:10     | Bought a shiny troll leather armour for 390 gold pieces
 22562 | Lair:1   | Entered Level 1 of the Lair of Beasts
 22565 | Lair:1   | Found a burning altar of Makhleb.
 22617 | Lair:1   | Noticed Gastronok
 22727 | Lair:1   | Noticed Grum
 22837 | Lair:1   | Found a frozen archway.
 22866 | IceCv    | Entered an ice cave
 22876 | IceCv    | Noticed Phoenix's ghost (powerful OgBe)
 22883 | Lair:1   | Reached skill level 1 in Fire Magic
 22976 | Lair:1   | Killed Grum
 23297 | Lair:1   | Noticed Urug
 23635 | Lair:1   | Killed Gastronok
 23635 | Lair:1   | Reached skill level 10 in Spellcasting
 23766 | Lair:1   | Noticed Fannar
 23825 | Lair:1   | Reached XP level 12. HP: 74/74 MP: 12/26
 24112 | Lair:1   | Learned a level 4 spell: Fulminant Prism
 24130 | Lair:1   | Noticed a six-headed hydra
 24169 | Lair:1   | Killed a six-headed hydra
 24169 | Lair:1   | Reached skill level 10 in Conjurations
 24611 | Lair:1   | Killed Urug
 24753 | Lair:1   | Killed Fannar
 25067 | D:10     | Bought a crude shield for 247 gold pieces
 25067 | D:10     | Identified the +0 shield of the Land of Plenty {+Blink rElec Int-3} (You bought it in a shop on level 10 of the Dungeon)
 25271 | D:10     | Got a distressingly furry ring mail
 25282 | D:10     | Identified the +3 ring mail of the Tick {Str+4} (You found it on level 10 of the Dungeon)
 25918 | D:6      | Killed agentgt's ghost
 26419 | D:5      | Reached skill level 5 in Fire Magic
 26553 | D:5      | Found a stormy altar of Qazlal.
 27048 | D:5      | Killed GolDSour's ghost
 27513 | D:5      | Found a glowing golden altar of the Shining One.
 27722 | D:4      | Noticed Crazy Yiuf
 27728 | D:4      | Killed Crazy Yiuf
 27864 | D:3      | Killed Sigmund
 28006 | D:2      | Killed Terence
 28421 | D:10     | Bought a dazzling ring mail for 234 gold pieces
 28431 | D:10     | Identified the cursed +1 ring mail of the Maze {+Inv rPois rC++ Dex-3} (You bought it in a shop on level 10 of the Dungeon)
 28614 | D:10     | Bought a crude ring mail for 234 gold pieces
 28624 | D:10     | Identified the cursed +1 ring mail of Sif Muna's Fury {rF- rC+ rN+ rCorr} (You bought it in a shop on level 10 of the Dungeon)
 28738 | Lair:2   | Noticed a six-headed hydra
 28744 | Lair:2   | Killed a six-headed hydra
 28842 | Lair:2   | Found a labyrinth entrance.
 28855 | Lab      | Entered a labyrinth
 29027 | Lab      | Noticed a minotaur
 29033 | Lab      | Killed a minotaur
 29038 | Lab      | Got a fine lead amulet
 29041 | Lab      | Got a transparent great sword
 29113 | Lab      | Identified the cursed +1 great sword "Nyelamekk" {slice, Int+2} (You took it off a minotaur in a labyrinth)
 29118 | Lab      | Identified the amulet "Torrauma" {*Confuse Regen+ Str+4 Int+4} (You found it in a labyrinth)
 29856 | Lair:2   | Noticed Erica
 29869 | Lair:2   | Killed Erica
 30493 | Lair:3   | Found a staircase to the Shoals.
 30833 | Lair:3   | Reached skill level 11 in Conjurations
 31034 | Lair:3   | Noticed an ice dragon
 31151 | Lair:3   | Gained mutation: You are in touch with the powers of death. [Mummy growth]
 31151 | Lair:3   | Gained mutation: You can restore your body by infusing magical energy. [Mummy growth]
 31151 | Lair:3   | Reached XP level 13. HP: 79/79 MP: 11/27
 32158 | Lair:3   | Noticed a six-headed hydra
 32163 | Lair:3   | Killed a six-headed hydra
 32304 | Lair:3   | Noticed a five-headed hydra
 32308 | Lair:3   | Killed a five-headed hydra
 33607 | Lair:3   | Killed an ice dragon
 34528 | Lair:3   | Learned a level 6 spell: Bolt of Fire
 35102 | Lair:4   | Found a staircase to the Snake Pit.
 35460 | Lair:4   | Found a staircase to the Shoals.
 35558 | Lair:4   | Got a brightly glowing whip
 35559 | Lair:4   | Identified the cursed +1 whip of Dokhuoz {venom, MP-9 Str+2 Int+6} (You found it on level 4 of the Lair of Beasts)
 36035 | Lair:4   | Reached skill level 1 in Translocations
 38998 | Lair:5   | Learned a level 3 spell: Conjure Flame
 39198 | Lair:5   | Reached XP level 14. HP: 85/85 MP: 2/29
 39208 | Lair:5   | Got an ichor-stained robe
 39333 | Lair:4   | Identified the cursed +0 robe "Rierhax" {rPois} (You found it on level 5 of the Lair of Beasts)
 42079 | Lair:6   | Reached skill level 12 in Spellcasting
 42893 | Lair:5   | Reached skill level 10 in Fire Magic
 46208 | Lair:7   | Noticed Josephine
 46770 | Lair:7   | Killed Josephine
 50277 | D:11     | Found Syil Paako's Gadget Shoppe.
 50453 | D:12     | Found Peog's Book Boutique.
 50518 | D:12     | Noticed Sonja
 50524 | D:12     | Killed Sonja
 51128 | D:12     | Noticed Erolcha
 51134 | D:12     | Killed Erolcha
 51134 | D:12     | Reached XP level 15. HP: 90/90 MP: 9/31
 52102 | D:13     | Found Cepits's Jewellery Shop.
 52104 | D:13     | Found Sunaol's Assorted Antiques.
 52234 | Orc:1    | Entered Level 1 of the Orcish Mines
 52413 | Orc:1    | Found a burning altar of Makhleb.
 53490 | Orc:2    | Reached skill level 5 in Shields
 54150 | Orc:2    | Noticed Maurice
 54258 | Orc:2    | Killed Maurice
 55486 | Orc:3    | Found a bloodstained altar of Trog.
 55526 | Orc:3    | Found Erebont's Antique Weapon Shop.
 56323 | Orc:4    | Entered Level 4 of the Orcish Mines
 56355 | Orc:4    | Found a staircase to the Elven Halls.
 58638 | Orc:4    | Noticed Saint Roka
 59254 | Orc:4    | Found Xowewkol's General Store.
 59528 | Orc:4    | Found a roughly hewn altar of Beogh.
 59892 | Orc:4    | Found Ogunyewk's Antique Weapon Shop.
 60477 | Orc:4    | Found Ruvigoi's Jewellery Shop.
 60483 | Orc:4    | Bought an uncursed ring of sustain attributes for 280 gold pieces
 61101 | D:13     | Bought an uncursed ring of wizardry for 450 gold pieces
 61101 | D:13     | Bought an uncursed amulet of faith for 600 gold pieces
 61101 | D:13     | Bought an uncursed ring of protection from magic for 375 gold pieces
 61173 | D:12     | Bought a book of Power for 495 gold pieces
 61287 | Lair:1   | Learned a level 7 spell: Delayed Fireball
 61403 | Temple   | Fell from the grace of Gozag
 61403 | Temple   | Became a worshipper of Ashenzari the Shackled
 61735 | D:13     | Reached skill level 13 in Spellcasting
 61819 | D:13     | Bought a scroll of remove curse for 96 gold pieces
 62322 | D:13     | Noticed musclemanjr's ghost (powerful FoFi)
 62328 | D:13     | Killed musclemanjr's ghost
 63430 | Lair:8   | Entered Level 8 of the Lair of Beasts
 66703 | D:13     | Found a gate to the Vaults.
 66769 | D:13     | Identified a scroll of acquirement
 67684 | D:14     | Found a shimmering altar of Xom.
 68281 | D:15     | Entered Level 15 of the Dungeon
 68281 | D:15     | Identified the +10 war axe "Cairics" {chop, rElec rPois Int+4 Dex+4}
 68916 | D:15     | Noticed Roxanne
 69104 | Lair:3   | Reached XP level 16. HP: 96/96 MP: 24/33
 69161 | Snake:1  | Entered Level 1 of the Snake Pit
 69364 | Shoals:1 | Entered Level 1 of the Shoals
 69949 | Shoals:1 | Acquired Ashenzari's first power
 71151 | Lair:4   | Learned a level 7 spell: Orb of Destruction
 74472 | Lair:7   | Reached skill level 14 in Spellcasting
 78020 | Lair:8   | Found a runed door.
 78023 | Lair:8   | Acquired Ashenzari's second power
 79174 | Lair:8   | Found a staircase to the Slime Pits.
 80794 | Snake:1  | Noticed Agnes
 81334 | Snake:1  | Killed Agnes
 82014 | Shoals:2 | Killed from afar by a water nymph

Vault maps used:
D:1:      dpeg_arrival_concentric_ovals, glass_columns_a, solitary_fountain,
          hangedman_decor_lopped
D:2:      gammafunk_temple_overflow_statue, okawaru_ov_weapons_minmay,
          uniq_terence
D:3:      first_bread, moated_statue, uniq_grinder, uniq_natasha, uniq_robin,
          uniq_sigmund
D:4:      grunt_ministairs_13, st_stairs_11, uniq_crazy_yiuf_cottage
D:5:      basic_altar, nicolae_qazlal_style_of_elements, uniq_edmund
D:6:      minmay_temple_entry_overgrown
D:8:      erik_lair_island
D:9:      minmay_quarter_circles, kennysheep_mini, basic_altar, serial_shops,
          shop_coins
D:10:     minmay_orc_entry_temple_small, grunt_tengu_nest
D:11:     serial_shops, shop
D:12:     interstate_on_off, nrook_guardian_serpent_double, uniq_sonja,
          uniq_erolcha
D:13:     david_vaults_5, serial_shops, shop
D:14:     basic_altar, minmay_misc_feat_nine_boxes
D:15:     hangedman_depths_entry_civil_slaughter, nicolae_ru_path_of_blood,
          wad_scary_box, uniq_azrael, uniq_roxanne
Temple:   lightli_temple_of_artemis
Lair:1:   portal_ice_cave_entry_imps, ldierk_geyser,
          nicolae_lair_grove_arrangements, lemuel_oklob_altar, uniq_gastronok,
          uniq_fannar, uniq_urug, uniq_grum
Lair:2:   lab_entry_generic, serial_bayou_shore_b, uniq_erica
Lair:3:   minmay_shoals_entry_beasts, st_stairs_5, ice2_lemuel,
          lemuel_fruit_fields, serial_bayou_shore_b
Lair:4:   minmay_shoals_entry_centaurs, minmay_snake_entry_six_corridors
Lair:5:   cheibrodos_magma_flow, minmay_lair_oklob_bushes, serial_bayou_shore_b
Lair:6:   roderic_lost_polar_bear, infiniplex_staircase_pool,
          grunt_megastairs_1, lemuel_fruit_tree
Lair:7:   grunt_megastairs_3, uniq_josephine
Lair:8:   wormcave, hangedman_lair_tendril_chambers, dpeg_slime_entry_corner,
          minivault_25
Shoals:2: nicolae_shoals_mertower
Snake:1:  serial_shops, shop, uniq_kirke, uniq_agnes
Orc:1:    basic_altar
Orc:2:    uniq_maurice
Orc:3:    serial_shops, nicolae_shop_temple_entry_statues_fountains,
          basic_altar, nicolae_orc_pool_cavern
Orc:4:    grunt_orc_cross, serial_shops, shop
Lab:      labyrinth_hidden_loot, labyrinth_skeletal_remains, nicolae_lab_diamond
IceCv:    ice_cave_tombish

Action                   |  1- 3 |  4- 6 |  7- 9 | 10-12 | 13-15 | 16-18 || total
-------------------------+-------+-------+-------+-------+-------+-------++-------
Melee: Unarmed           |    23 |       |       |       |       |       ||    23
       Club              |    21 |       |       |       |       |       ||    21
       Dagger            |    10 |     5 |    96 |     1 |     6 |       ||   118
       Spear             |     5 |    10 |       |       |       |       ||    15
       Mace              |       |       |       |    60 |    63 |    11 ||   134
Throw: Stone             |     2 |       |     3 |       |       |       ||     5
 Cast: Magic Dart        |    69 |   125 |   276 |   494 |   695 |   133 ||  1792
       Searing Ray       |     7 |    10 |    20 |       |       |       ||    37
       Iskenderun's Myst |       |     8 |    74 |    83 |   241 |    62 ||   468
       Iskenderun's Batt |       |       |    16 |   140 |   302 |    98 ||   556
       Fireball          |       |       |       |     7 |   322 |   180 ||   509
       Mephitic Cloud    |       |       |       |     1 |    10 |    12 ||    23
       Fulminant Prism   |       |       |       |    17 |    24 |     3 ||    44
       Blink             |       |       |       |       |    41 |    25 ||    66
       Repel Missiles    |       |       |       |       |     3 |     3 ||     6
       Bolt of Fire      |       |       |       |       |    31 |     1 ||    32
       Conjure Flame     |       |       |       |       |     2 |       ||     2
       Delayed Fireball  |       |       |       |       |     2 |     1 ||     3
       Orb of Destructio |       |       |       |       |       |    24 ||    24
Invok: Potion Petition   |       |       |       |     1 |     1 |       ||     2
       Call Merchant     |       |       |       |     1 |     2 |       ||     3
 Abil: Evoke Flight      |       |       |       |     1 |     2 |       ||     3
       Stop Flying       |       |       |       |       |     1 |       ||     1
       Release Delayed F |       |       |       |       |     1 |     1 ||     2
Evoke: Wand              |       |       |       |    12 |    13 |    19 ||    44
  Use: Scroll            |       |     3 |    14 |    15 |    36 |    13 ||    81
 Stab: Sleeping          |       |       |     1 |       |       |       ||     1
